Map: Vallée des cactus EC

Players

airliquid - Winner!

  • Race: Zerg Zerg
  • League: Grandmaster

AgCl

  • Race: Protoss Protoss
  • League: Grandmaster

VOD

Have the link to the VOD?

Description

Time

  • Played on: June 5, 2015, 9:33 p.m.
  • Length: 11:53
Show
View Real Time Build Order
Export as new Build Order

airliquid Zerg - Winner!

Build Orders: 3 Hatch before Pool 

Get SALT Encoding   

  12  0:02  Drone  
  13  0:12  Drone  
  14  0:15  Drone, Extractor  
  15  0:22  Overlord  
  15  0:48  Hatchery  
  14  0:51  Drone  
  14  0:52  Drone  
  14  0:56  Drone  
  17  1:06  Drone  
  18  1:25  Hatchery  
  17  1:34  Spawning Pool  
  17  1:36  Drone  
  17  1:41  Drone x2  
  19  1:47  Extractor  
  19  1:48  Drone  
  19  2:04  Overlord  
  19  2:07  Drone  
  20  2:24  Zergling x2  
  20  2:25  Zergling x6  
  21  2:52  Drone x2  
  21  2:53  Drone x5  
  28  3:07  Spine Crawler  
  28  3:11  Drone  
  28  3:13  Drone  
  29  3:25  Drone x4  
  29  3:26  Drone  
  34  3:27  Spine Crawler  
  33  3:34  Drone x2  
  33  3:35  Drone  
  33  3:44  Metabolic Boost  
  33  3:46  Queen  
  34  3:50  Drone x2  
  36  3:56  Drone  
  36  3:57  Drone x3  
  36  3:59  Drone  
  36  4:01  Overlord  
  41  4:11  Zergling x2  
  42  4:21  Zergling x12  
  42  4:23  Spine Crawler  
  47  4:29  Queen  
  49  4:34  Spore Crawler  
  48  4:43  Spore Crawler  
  45  4:49  Queen  
  41  4:57  Drone  
  41  4:58  Drone x8  
  50  5:14  Spore Crawler, Drone  
  50  5:23  Overlord  
  50  5:24  Overlord x2  
  50  5:28  Extractor  
  50  5:30  Queen  
  50  5:31  Spine Crawler, Extractor  
  50  5:34  Queen  
  45  5:59  Drone x5  
  45  6:00  Drone x3  
  52  6:10  Queen  
  54  6:12  Extractor  
  54  6:15  Roach Warren  
  52  6:37  Drone x2  
  54  6:43  Zergling x4  
  54  6:44  Zergling x12  
  56  7:13  Drone x12  
  67  7:30  Extractor  
  67  7:31  Lair  
  67  7:34  Extractor  
  67  7:35  Evolution Chamber  
  64  7:37  Evolution Chamber  
  59  7:56  Zergling x2  
  59  7:57  Zergling x28  
  74  8:12  Hatchery  
  73  8:28  Zerg Missile Weapons Level 1, Zerg Ground Armor Level 1  
  57  9:11  Spire  
  57  9:16  Zergling x2  
  57  9:17  Zergling x34  
  65  9:18  Hydralisk Den  
  65  9:19  Overlord  
  65  9:20  Overlord x5  
  65  9:22  Extractor  
  72  9:25  Spore Crawler  
  72  9:26  Spore Crawler, Extractor  
  72  9:30  Spore Crawler, Overseer  
  68  9:44  Spore Crawler  
  67  9:52  Muscular Augments  
  66  9:53  Hydralisk x12  
  89  10:05  Hatchery  
  83  10:19  Hydralisk x7  
  58  11:07  Hydralisk x5  
  58  11:08  Hydralisk x3  
Show
View Real Time Build Order
Export as new Build Order

AgCl Protoss 

Build Orders: Oracle Opening, Oracle Opening 

Get SALT Encoding   

  12  0:13  Probe  
  13  0:17  Pylon  
  13  0:25  Probe  
  14  0:37  Gateway  
  14  0:38  Probe  
  15  0:47  Assimilator  
  15  0:50  Probe  
  16  1:02  Probe  
  17  1:13  Pylon  
  17  1:14  Probe  
  18  1:26  Probe (Chrono Boost)  
  18  1:27  Zealot (Chrono Boost)  
  21  1:35  Cybernetics Core  
  22  1:40  Probe (Chrono Boost)  
  23  1:47  Probe (Chrono Boost)  
  23  1:55  Assimilator  
  23  1:57  Probe  
  24  2:09  Probe (Chrono Boost)  
  24  2:15  Stargate  
  25  2:21  Probe (Chrono Boost)  
  26  2:25  Warp Gate  
  26  2:28  Probe (Chrono Boost)  
  27  2:38  Probe  
  28  2:50  Mothership Core (Chrono Boost)  
  28  3:01  Nexus  
  28  3:12  Forge  
  28  3:14  Probe (Chrono Boost)  
  28  3:24  Pylon  
  26  3:41  Oracle (Chrono Boost)  
  28  3:50  Probe  
  28  3:54  Gateway  
  29  4:08  Probe (Chrono Boost)  
  30  4:13  Pylon  
  30  4:14  Pylon  
  30  4:19  Probe (Chrono Boost)  
  31  4:30  Probe (Chrono Boost)  
  32  4:32  Assimilator  
  32  4:33  Probe  
  33  4:47  Probe  
  33  4:52  Probe  
  34  4:53  Gateway  
  34  5:05  Probe (Chrono Boost)  
  35  5:10  Fleet Beacon  
  36  5:16  Probe (Chrono Boost)  
  36  5:17  Probe (Chrono Boost)  
  36  5:18  Assimilator  
  37  5:24  Probe (Chrono Boost)  
  37  5:28  Adept x2  
  42  5:33  Probe  
  42  5:35  Probe  
  44  5:45  Probe (Chrono Boost)  
  45  6:02  Probe (Chrono Boost)  
  44  6:11  Nexus  
  44  6:13  Probe  
  44  6:14  Probe  
  46  6:26  Probe (Chrono Boost)  
  46  6:30  Probe (Chrono Boost)  
  48  6:36  Probe (Chrono Boost)  
  49  6:40  Pylon x2  
  49  6:43  Carrier (Chrono Boost)  
  55  7:05  Probe x2 (Chrono Boost)  
  57  7:12  Graviton Catapult, Forge  
  55  7:15  Probe (Chrono Boost)  
  55  7:16  Probe (Chrono Boost)  
  55  7:21  Probe (Chrono Boost)  
  56  7:23  Protoss Air Weapons Level 1 (Chrono Boost)  
  56  7:25  Probe  
  56  7:28  Assimilator  
  56  7:29  Gateway  
  57  7:32  Gateway  
  57  7:34  Pylon  
  57  7:36  Carrier (Chrono Boost)  
  53  7:45  Adept  
  53  7:50  Photon Cannon  
  54  7:53  Probe (Chrono Boost)  
  54  7:58  Probe x2 (Chrono Boost)  
  63  8:00  Protoss Ground Weapons Level 1 (Chrono Boost)  
  63  8:03  Probe (Chrono Boost)  
  65  8:06  Probe (Chrono Boost)  
  65  8:11  Probe (Chrono Boost)  
  65  8:12  Probe (Chrono Boost)  
  69  8:22  Probe x2 (Chrono Boost)  
  69  8:25  Probe (Chrono Boost)  
  70  8:28  Assimilator  
  70  8:30  Probe (Chrono Boost)  
  70  8:31  Gateway  
  70  8:32  Probe (Chrono Boost)  
  73  8:34  Probe (Chrono Boost)  
  73  8:37  Probe (Chrono Boost)  
  73  8:41  Carrier (Chrono Boost)  
  75  9:11  Probe (Chrono Boost)  
  75  9:13  Probe (Chrono Boost)  
  75  9:15  Probe (Chrono Boost)  
  79  9:26  Probe (Chrono Boost)  
  79  9:29  Probe (Chrono Boost)  
  80  9:32  Stargate, Carrier (Chrono Boost)  
  80  9:34  Pylon  
  80  9:36  Gateway  
  80  9:49  Nexus  
  80  9:52  Pylon  
  85  10:02  Probe x2  
  85  10:05  Gateway  
  85  10:06  Probe  
  70  10:11  Photon Cannon  
  70  10:15  Carrier (Chrono Boost)  
  69  10:21  Adept x3  
  69  10:22  Adept x2  
  75  10:34  Probe  
  59  11:04  Adept  
  59  11:05  Adept x3  
  61  11:12  Adept x2  
  61  11:15  Probe (Chrono Boost)  
  68  11:21  Probe (Chrono Boost)  
  68  11:23  Probe (Chrono Boost)  
  60  11:43  Adept x4  
Tags
 
Add a new tag
Caveats
  • Supply blocks, unpowered buildings, or Contaminate may cause inaccurate times.
  • Supply counts are checked every 10 seconds.